 Dungeon Sprint DCSS version 0.28.0-43-g3370ac3207 (webtiles) character file.

Game seed: 2136079669194361903

728 boopmooplesden the Fighter (level 7, 0/75 HPs)
             Began as a Minotaur Berserker on Mar 16, 2022.
             Was a Priest of Trog.
             Slain by a kobold demonologist
             ... wielding a +0 dagger
              (1 damage)
             ... in the Dungeon (Sprint I: "Red Sonja").
             The game lasted 00:01:17 (770 turns).

boopmooplesden the Fighter (Minotaur Berserker)      Turns: 770, Time: 00:01:17

Health: 0/75       AC: -2    Str: 22    XL:     7   Next: 44%
Magic:  6/6        EV: 13    Int:  4    God:    Trog [***...]
Gold:   405        SH:  0    Dex: 11    Spells: 6/6 levels left

rFire   . . .      SeeInvis .   l - +5 scythe (protect)
rCold   . . .      Faith    .   (shield currently unavailable)
rNeg    . . .      Spirit   .   j - +0 ring mail
rPois   .          Reflect  .   (helmet restricted)
rElec   .          Harm     .   (no cloak)
rCorr   .          Rampage  .   (no gloves)
Will    .....      NoTele   +   (no boots)
Stlth   +.........              (no amulet)
HPRegen 0.22/turn               (no ring)
MPRegen 0.10/turn               (no ring)

@: corroded, under a protective aura, on berserk cooldown, slowed, very slow
A: horns 2, retaliatory headbutt
a: Renounce Religion, Berserk, Trog's Hand


You were in the Dungeon.
You worshipped Trog.
Trog was most pleased with you.
You visited 1 branch You collected 405 gold pieces.

Inventory:

Hand Weapons
 a - a +0 hand axe
 l - a +5 scythe of protection (weapon)
Armour
 b - a +0 animal skin
 j - a +0 ring mail (worn)
Wands
 i - a wand of iceblast (7)
Scrolls
 h - a scroll of blinking
Potions
 c - a potion of curing
 d - a potion of heal wounds
 e - a potion of haste
 f - 3 potions of magic
 g - a potion of berserk rage
 k - a potion of cancellation {unknown}
 m - a potion of invisibility {unknown}


   Skills:
 + Level 11.9 Fighting
 + Level 11.8(12.1) Axes
 + Level 4.2(8.7) Polearms
 + Level 8.4 Armour
 + Level 6.1 Dodging
 + Level 0.5 Stealth


You had 6 spell levels left.
You didn't know any spells.
Your spell library was empty.

Dungeon Overview and Level Annotations

Branches:
Dungeon (1/1)

Altars:
Cheibriados
Dithmenos
Elyvilon
Fedhas
Gozag
Hepliaklqana
Kikubaaqudgha
Makhleb
Nemelex Xobeh
Okawaru
Qazlal
Ru
Sif Muna
Trog
Uskayaw
Vehumet
Wu Jian
Xom
Yredelemnul
Zin
The Shining One
Jiyva
Lugonu

Shops:
D :


Innate Abilities, Weirdness & Mutations

You have a pair of horns on your head.
You reflexively headbutt those who attack you in melee.


Message History

You slash the floating eye!
You kill the floating eye!
Trog accepts your kill.
The kobold demonologist closely misses you.
The kobold demonologist hits you with a +0 dagger.
The smoke demon barely misses you. The smoke demon closely misses you. x2
The rust devil hits you. The rust devil corrodes you!
The orange demon barely misses you. x2
Your base Polearms skill increases to level 4!
Your Armour skill increases to level 8!
Your Dodging skill increases to level 6!
You barely miss the kobold demonologist.
The kobold demonologist is lightly wounded.
You are no longer berserk.
You are exhausted.
You feel yourself slow down.
The kobold demonologist looks satisfied for a moment.
The kobold demonologist hits you but does no damage.
The ynoxinul barely misses you. The rust devil hits you.
The rust devil corrodes you! The smoke demon hits you. x3
The orange demon barely misses you. You furiously retaliate!
You headbutt the orange demon, but do no damage.
The orange demon barely misses you.
You miss the kobold demonologist.
The kobold demonologist is lightly wounded.
The kobold demonologist hits you with a +0 dagger. x2
The ynoxinul hits you. The smoke demon closely misses you.
The smoke demon hits you.
* * * LOW HITPOINT WARNING * * *
The smoke demon hits you.
* * * LOW HITPOINT WARNING * * *
The rust devil hits you.
* * * LOW HITPOINT WARNING * * *
The rust devil corrodes you! The orange demon stings you!
* * * LOW HITPOINT WARNING * * *
The orange demon hits you.
* * * LOW HITPOINT WARNING * * *
The kobold demonologist barely misses you.
The kobold demonologist hits you with a +0 dagger.
You die...

####################
').#..'..#__#..34K.#
#..'[.#..'..'..#@43#
##'#####'#__####K44+
#..#...#(#### #####
####..##)#
___##'#_.+
∩...†..._#
.__##_.#'#
___###+#.# #### ###


You could see an orange demon (summoned), an ice devil (summoned), a rust devil
(summoned), 2 kobold demonologists, a smoke demon (summoned), a ynoxinul
(summoned) and a chaos spawn (summoned).

Vanquished Creatures
  A slime creature (D)
  Sigmund (D)
  A yak (D)
  A floating eye (D)
  An ogre (D)
  A jelly (D)
  Ijyb (D)
7 creatures vanquished.

Notes
Turn   | Place    | Note
-------+----------+-------------------------------------------
     0 | D        | boopmooplesden the Minotaur Berserker began the quest for
                  | the Orb.
     0 | D        | Reached XP level 1. HP: 19/19 MP: 0/0
     1 | D        | Noticed Ijyb
     6 | D        | Killed Ijyb
     7 | D        | Reached skill level 5 in Fighting
     7 | D        | Reached skill level 5 in Axes
     7 | D        | Reached XP level 2. HP: 13/29 MP: 1/1
   219 | D        | Noticed an ogre
   222 | D        | Killed an ogre
   223 | D        | Reached XP level 3. HP: 26/39 MP: 2/2
   223 | D        | Reached XP level 4. HP: 31/47 MP: 3/3
   382 | D        | Noticed Sigmund
   385 | D        | Killed Sigmund
   385 | D        | Reached ** piety under Trog
   386 | D        | Reached skill level 10 in Axes
   386 | D        | Reached XP level 5. HP: 58/58 MP: 4/4
   386 | D        | Reached XP level 6. HP: 66/66 MP: 5/5
   533 | D        | Found a burning altar of Makhleb.
   533 | D        | Found a viscous altar of Jiyva.
   533 | D        | Found a shimmering altar of Xom.
   533 | D        | Found a corrupted altar of Lugonu.
   533 | D        | Noticed a slime creature
   538 | D        | Killed a slime creature
   539 | D        | Reached skill level 5 in Dodging
   539 | D        | Found an ornate altar of the Wu Jian Council.
   539 | D        | Found a shimmering blue altar of Sif Muna.
   541 | D        | Found a radiant altar of Vehumet.
   548 | D        | Found Huocs's Book Emporium.
   548 | D        | Found an ancient bone altar of Kikubaaqudgha.
   548 | D        | Found a hazy altar of Hepliaklqana.
   548 | D        | Found a stormy altar of Qazlal.
   548 | D        | Found a hide-covered altar of Uskayaw.
   548 | D        | Found a blossoming altar of Fedhas.
   548 | D        | Found a bloodstained altar of Trog.
   548 | D        | Found an iron altar of Okawaru.
   548 | D        | Found a basalt altar of Yredelemnul.
   548 | D        | Found a glowing golden altar of the Shining One.
   548 | D        | Found a snail-covered altar of Cheibriados.
   548 | D        | Found a sacrificial altar of Ru.
   548 | D        | Found a glowing silver altar of Zin.
   548 | D        | Found a shadowy altar of Dithmenos.
   548 | D        | Found a white marble altar of Elyvilon.
   548 | D        | Noticed a yak
   554 | D        | Killed a yak
   555 | D        | Reached XP level 7. HP: 33/75 MP: 6/6
   555 | D        | Found an opulent altar of Gozag.
   556 | D        | Found a sparkling altar of Nemelex Xobeh.
   757 | D        | Noticed a kobold demonologist
   759 | D        | Noticed a kobold demonologist
   760 | D        | Noticed a rust devil
   763 | D        | Noticed a ynoxinul
   764 | D        | Noticed an ice devil
   765 | D        | Noticed a chaos spawn
   767 | D        | Noticed a smoke demon
   768 | D        | Noticed an orange demon
   768 | D        | Reached *** piety under Trog
   770 | D        | HP: 1/75 [orange demon[a kobold demonologist] (4)]
   770 | D        | Slain by a kobold demonologist

Illustrated notes

Levels and vault maps discovered:
D:        dungeon_sprint_1 [red_sonja_temple_1, red_sonja_temple_small_1]

Skill      XL: |  1  2  3  4  5  6  7 |
---------------+----------------------+-----
Fighting       | 5 7 9 11 | 11.9
Axes           | 5 7 10 11 | 11.8
Armour         | 3 4 6 7 8 |  8.4
Dodging        | 3 4 5 6 |  6.1
Polearms       | 3 4 |  4.2
Stealth        | |  0.5

Action                   |  1- 3 |  4- 6 |  7- 9 || total
-------------------------+-------+-------+-------++-------
Melee: Hand axe          |     5 |     2 |       ||     7
       Punch             |     1 |       |       ||     1
       Headbutt          |     1 |     5 |     2 ||     8
       Scythe            |       |    12 |    10 ||    22
Invok: Berserk           |     2 |     2 |     1 ||     5
Armor: Ring mail         |       |     7 |     3 ||    10
Dodge: Dodged            |     1 |     7 |    18 ||    26
